 Dungeon Crawl Stone Soup version 0.32-a0-422-g28b100f618 (webtiles) character file.

Game seed: 6650886530973955785

2 Bravepunisher the Ducker (level 1, -1/11 HPs)
             Began as a Spriggan Monk on Feb 21, 2024.
             Slain by a hound (5 damage)
             ... on level 4 of the Dungeon.
             The game lasted 00:00:59 (147 turns).

Bravepunisher the Ducker (Spriggan Monk)             Turns: 147, Time: 00:00:59

Health: -1/11      AC:  2    Str:  7    XL:     1   Next: 25%
Magic:  2/2        EV: 18    Int: 11    God:
Gold:   0          SH:  0    Dex: 17    Spells: 0/0 levels left

rFire   . . .        a - +0 short sword
rCold   . . .        (no shield)
rNeg    . . .        b - +0 robe
rPois   .            (helmet restricted)
rElec   .            (no cloak)
rCorr   .            (gloves unavailable)
SInv    +            (boots unavailable)
Will    .....        (no amulet)
Stlth   ++           (no ring)
HPRegen 0.21/turn    (no ring)
MPRegen 0.08/turn

%: no passive effects
@: very quick
A: very small, no large weapons, unfitting armour, see invisible, speed 3
a: no special abilities


You were on level 4 of the Dungeon.
You visited 1 branch of the dungeon, and saw 4 of its levels.

Inventory:

Hand Weapons
 a - a +0 short sword (weapon)
Armour
 b - a +0 robe (worn)
Scrolls
 d - a scroll of acquirement {unknown}
Potions
 c - a potion of ambrosia


   Skills:
 + Level 2.4 Fighting
 - Level 3.2 Short Blades
 * Level 4.1 Dodging


You couldn't memorise any spells.
You didn't know any spells.
Your spell library was empty.

Dungeon Overview and Level Annotations

Branches:
Dungeon (4/15)
 Temple: D:4-7

Altars:


Innate Abilities, Weirdness & Mutations

You are very small and have problems with some larger weapons.
You are too small for most types of armour.
You have supernaturally acute eyesight. (SInv)
You cover ground extremely quickly. (Speed+++)


Message History

The bat barely misses you. The bat attacks as it pursues you!
The bat closely misses you. The bat completely misses you.
The frilled lizard hisses.
The bat attacks as it pursues you! The bat hits you.
You hit the bat.
You kill the bat!
Found 27 gold pieces.
A frilled lizard comes into view.
Found a stone staircase leading down.
You see here 8 gold pieces.
There is a stone staircase leading down here.
You climb downwards.
Found a ring mail.
There is a stone staircase leading up here.
A hound and an orc come into view.
The orc shouts!
The endoplasm quivers.
The hound barks!
You hear an angry hiss. x2
An adder comes into view.
An adder comes into view.
You open the door. The hound bites you. The endoplasm closely misses you.
A goblin comes into view. It is wielding a +0 dagger.
The hound bites you.
The endoplasm attacks as it pursues you!
The endoplasm hits you but does no damage.
There is an open door here.
The goblin shouts!
The goblin closely misses you.
You hit the goblin but do no damage. The hound misses you.
The goblin hits you with a +0 dagger.
You hit the goblin.
The goblin is severely wounded.
The hound misses you.
You hit the goblin.
You kill the goblin!
The hound misses you.
The endoplasm hits you but does no damage.
The hound bites you.
You die...

..P♣... ~~~.~~♣..
~~~~♣~...
~≈≈~~.~P.
~~~~.~~P# ####
~.~~.P.###..##
~~~~~..SSJ...#
..P#...#h@..#
#..####)##
###+###..####.##
................
.J.[...<........
#########+###....
#####


You could see a hound, 2 adders and an endoplasm.

Vanquished Creatures
  A bat (D:3)
  A goblin (D:4)
2 creatures vanquished.

Notes
Turn   | Place    | Note
-------+----------+-------------------------------------------
     0 | D:1      | Bravepunisher the Spriggan Monk began the quest for the
                  | Orb.
     0 | D:1      | Reached XP level 1. HP: 11/11 MP: 2/2
   136 | D:4      | Noticed a jelly
   137 | D:4      | Noticed a hound
   147 | D:4      | Slain by a hound

Illustrated notes

Levels and vault maps discovered:
D:1:      saegor_arrival_simple_d, layout_basic,
          shapermc_ecumenical_altar_mp_urbaneastern
D:2:      layout_basic, serial_shops, nicolae_shop_competitors_out_of_business
D:3:      layout_loops_cross, bloody_makhleb, nicolae_elyvilon_peaceful_grove,
          gammafunk_temple_overflow_forgotten, uniq_robin, uniq_sigmund
D:4:      minmay_polygon_palace, layout_gridville, serial_bayou_pond_b,
          minmay_close_crescents, uniq_edmund

Action                     || total
---------------------------++-------
  Melee: Short sword       ||     7
 Armour: Robe              ||    12
  Dodge: Dodged            ||    28

Table legend: (Time is in decaauts)
 A = Elapsed time spent in this place.
 B = Non-inter-level travel time spent in this place.
 C = Inter-level travel time spent in this place.
 D = Time resting spent in this place.
 E = Time spent auto-exploring this place.
 F = Levels seen in this place.
 G = Mean time per level.
                   A        B        C        D        E       F      G
               +--------+--------+--------+--------+--------+-----+--------+
         Total |     96 |     96 |      0 |      0 |      7 |   4 |   24.0 |
       Dungeon |     96 |     96 |      0 |      0 |      7 |   4 |   24.0 |
               +--------+--------+--------+--------+--------+-----+--------+

Top non-repeatable levels by time:
     D:2: 63 daAuts
     D:3: 15 daAuts
     D:1: 9 daAuts
     D:4: 7 daAuts
